 Dungeon Crawl Stone Soup version 0.21.1-1-g345015fe64 (webtiles) character file.

269 IceCat the Ruffian (level 6, 0/55 HPs)
             Began as a Troll Transmuter on July 20, 2018.
             Slain by an orc priest
             ... wielding a cursed +0 hand axe
              (5 damage)
             ... on level 3 of the Dungeon.
             The game lasted 00:10:43 (1536 turns).

IceCat the Ruffian (Troll Transmuter)               Turns: 1536, Time: 00:10:43

Health: 0/55       AC:  5    Str: 19    XL:     6   Next: 1%
Magic:  8/8        EV: 10    Int: 11    God:
Gold:   116        SH:  0    Dex: 10    Spells: 8/9 levels left

rFire    . . .     SeeInvis .     - Unarmed
rCold    . . .     Gourm    +   (no shield)
rNeg     . . .     Faith    .   b - +0 robe
rPois    .         Spirit   .   (helmet restricted)
rElec    .         Reflect  .   (no cloak)
rCorr    .         Harm     .   (gloves unavailable)
MR       .....                  (boots unavailable)
Stlth    +.........             (no amulet)
HPRegen  0.58/turn              (no ring)
MPRegen  0.11/turn              (no ring)

@: no status effects
A: large, unfitting armour, claws 3, fast metabolism 3, gourmand, regeneration
1, shaggy fur 1, tough skin 2
a: no special abilities


You were on level 3 of the Dungeon.
You were very full.

You visited 1 branch of the dungeon, and saw 3 of its levels.

You collected 116 gold pieces.

Inventory:

Missiles
 a - 47 arrows
Armour
 b - a +0 robe (worn)
Jewellery
 j - a +2 ring of strength {unknown}
Scrolls
 e - 6 scrolls of identify {unknown}
 i - 2 scrolls of teleportation {unknown}
 l - a scroll of immolation {unknown}
 p - a scroll of random uselessness {unknown}
 r - a scroll of enchant weapon {unknown}
 s - a scroll of remove curse {unknown}
Potions
 f - a potion of agility {unknown}
 g - a potion of heal wounds {unknown}
 h - a potion of might {unknown}
 k - 3 potions of curing {unknown}
 m - a potion of berserk rage {unknown}
 n - a potion of cancellation {unknown}
 q - a potion of lignification {unknown}
Books
 c - a book of Changes

   Spells                             Type                      Level
   a - Beastly Appendage              Transmutation                1
   b - Sticks to Snakes               Transmutation                2
   c - Spider Form                    Transmutation/Poison         3
   d - Ice Form                       Ice/Transmutation            4
   e - Blade Hands                    Transmutation                5
Comestibles
 d - 7 rations
 o - 2 chunks of flesh


   Skills:
 + Level 1.0 Fighting
 + Level 2.8 Dodging
 + Level 0.1 Stealth
 + Level 4.3 Unarmed Combat
 * Level 2.4 Spellcasting
 + Level 2.1 Transmutations


You had 8 spell levels left.
You knew the following spells:

 Your Spells              Type           Power        Failure   Level  Hunger
a - Beastly Appendage     Tmut           #.....       12%         1    ##.....


Dungeon Overview and Level Annotations

Branches:
Dungeon (3/15)

Altars:


Innate Abilities, Weirdness & Mutations

You are too large for most types of armour.
You have claws for hands.
Your metabolism is lightning-fast.
You like to eat raw meat.
Your natural rate of healing is unusually fast.
You are covered in fur. (AC +1)
You have very tough skin. (AC +2)


Message History

The orc priest calls down the wrath of Beogh upon you.
Beogh smites you!
* * * LOW HITPOINT WARNING * * *
The goblin hits you but does no damage.
You claw the goblin!
You kill the goblin!
You barely miss the orc priest.
The orc priest hits you with a hand axe.
* * * LOW HITPOINT WARNING * * *
You scratch the orc priest. You claw the orc priest.
The orc priest is heavily wounded.
The orc priest hits you with a hand axe!
* * * LOW HITPOINT WARNING * * *
You closely miss the orc priest.
The orc priest is heavily wounded.
The orc priest looks satisfied for a moment.
You closely miss the orc priest.
The orc priest is heavily wounded.
The orc priest hits you with a hand axe.
You die...

.)...........###.....#
..............##.###.#
..##..........##.# #.#
..##...........).# #.#
..##.........##### #.#
..##.........# #.#
.............##### #.#
..............go.# #.#
..............##@# #.###
#.##..........##.###...#
#.##..........##.....#.#
#..............#####.#.#
#................#...#.#
...........###.#.#.###.#
.......#+#.....#.#.....#
.......#.#...###.#######
.......#.#.....#...#


You could see an orc priest and a goblin.

Vanquished Creatures
  The ghost of Salt the Bolt Thrower, an amateur KoHu (D:3)
  Jessica (D:3)
  Robin (D:3)
  3 adders (D:2)
  An adder zombie (D:2)
  2 adder skeletons (D:2)
  2 worms
  2 dart slugs (D:1)
  A leopard gecko (D:3)
  3 orcs
  A ball python (D:3)
  4 bats
  A bat skeleton (D:2)
  2 giant cockroaches
  11 goblins
  8 hobgoblins
  8 jackals (D:3)
  2 quokkas
  4 frilled lizards (D:1)
  A giant cockroach zombie (D:2)
  6 kobolds
  4 rats
69 creatures vanquished.

Notes
Turn   | Place    | Note
-------+----------+-------------------------------------------
     0 | D:1      | IceCat the Troll Transmuter began the quest for the Orb.
     0 | D:1      | Reached XP level 1. HP: 18/18 MP: 1/1
   268 | D:1      | Reached XP level 2. HP: 26/26 MP: 0/3
   566 | D:2      | Reached XP level 3. HP: 28/32 MP: 2/4
  1016 | D:2      | Reached XP level 4. HP: 40/40 MP: 3/5
  1165 | D:3      | Noticed Jessica
  1174 | D:3      | Killed Jessica
  1390 | D:3      | Noticed Salt's ghost (amateur KoHu)
  1412 | D:3      | Noticed Robin
  1414 | D:3      | Killed Salt's ghost
  1414 | D:3      | Reached skill level 4 in Unarmed Combat
  1414 | D:3      | Reached XP level 5. HP: 43/46 MP: 5/7
  1524 | D:3      | Killed Robin
  1524 | D:3      | Reached skill level 1 in Fighting
  1527 | D:3      | Reached XP level 6. HP: 25/55 MP: 8/8
  1536 | D:3      | Slain by an orc priest

Skill      XL: |  1  2  3  4  5 |
---------------+----------------+-----
Dodging        | 2 |  2.8
Unarmed Combat | 4 |  4.3
Spellcasting   | 2 |  2.4
Transmutations | 2 |  2.1
Fighting       | 1 |  1.0
Stealth        | |  0.1

Action                   |  1- 3 |  4- 6 || total
-------------------------+-------+-------++-------
Melee: Unarmed           |    94 |    89 ||   183
       Headbutt          |     5 |     7 ||    12
       Kick              |     5 |     1 ||     6
       Punch             |       |     1 ||     1
 Cast: Beastly Appendage |    16 |    13 ||    29
 Stab: Sleeping          |     1 |       ||     1
  Eat: Chunk             |    16 |     4 ||    20
Armor: Robe              |    27 |    75 ||   102
Dodge: Dodged            |    41 |   108 ||   149
